 Dungeon Crawl Stone Soup version 0.32-a0-35-gd9ff480968 (webtiles) character file.

Game seed: 7054671089150080920

156 IdlyInterested the Trooper (level 5, -1/43 HPs)
             Began as a Demonspawn Gladiator on Jan 22, 2024.
             Slain by Natasha (8 damage)
             ... on level 3 of the Dungeon.
             The game lasted 00:04:26 (1711 turns).

IdlyInterested the Trooper (Demonspawn Gladiator)   Turns: 1711, Time: 00:04:27

Health: -1/43      AC: 11    Str: 17    XL:     5   Next: 14%
Magic:  5/5        EV:  5    Int:  8    God:
Gold:   69         SH:  0    Dex: 14    Spells: 4/4 levels left

rFire   . . .        a - +0 long sword
rCold   . . .        (no shield)
rNeg    . . .        j - +0 plate armour
rPois   .            c - +0 helmet
rElec   .            (no cloak)
rCorr   .            (no gloves)
SInv    .            (no boots)
Will    .....        (no amulet) Stlth
                     (no ring)
HPRegen 0.27/turn    (no ring)
MPRegen 0.09/turn

%: no passive effects
@: no status effects
A: powered by death 1, weakness stinger 2
a: no special abilities


You were on level 3 of the Dungeon.
You visited 1 branch of the dungeon, and saw 3 of its levels.

You collected 69 gold pieces.

Inventory:

Hand Weapons
 a - a +0 long sword (weapon)
 h - a +0 dagger
 r - a +0 mace
 s - a +0 dagger of speed
Missiles
 d - 3 throwing nets
 e - a javelin
 i - 23 stones (quivered)
 m - 3 poisoned darts
Armour
 b - a +0 leather armour
 c - a +0 helmet (worn)
 j - a +0 plate armour (worn)
 n - a +0 ring mail
Magical Staves
 g - a staff of earth
Scrolls
 q - a scroll of teleportation
 t - a scroll of noise
Potions
 f - 2 potions of curing
 k - a potion of degeneration {unknown}
 p - a potion of might
 u - a potion of cancellation {unknown}


   Skills:
 + Level 4.5 Fighting
 - Level 3.0 Long Blades
 - Level 2.0 Throwing
 - Level 1.0 Armour
 - Level 3.0 Dodging
 + Level 0.0 Stealth
 - Level 1.0 Shields


You had 4 spell levels left.
You didn't know any spells.
Your spell library was empty.

Dungeon Overview and Level Annotations

Branches:
Dungeon (3/15)

Altars:

Annotations:
D:3 Natasha


Innate Abilities, Weirdness & Mutations

You regenerate a little health from kills.
You have a tail ending in a sharp stinger.


Message History

You closely miss Natasha. Natasha claws you!
You hit Natasha.
Natasha is lightly wounded.
Natasha claws you but does no damage.
You closely miss Natasha.
Natasha is lightly wounded.
Natasha howls an incantation.
You feel troubled. Natasha claws you.
You hit Natasha.
Natasha is lightly wounded.
Natasha mumbles some strange words.
Natasha glows brightly for a moment.
Natasha claws you. Natasha claws you!
* * * LOW HITPOINT WARNING * * *
You barely miss Natasha.
Your tail-slap misses Natasha.
Natasha is lightly wounded.
Natasha mumbles some strange words.
You feel disoriented.
Natasha casts a spell.
You closely miss Natasha.
Your tail-slap misses Natasha.
Natasha is lightly wounded.
Natasha barely misses you.
The cerulean imp hits you but does no damage.
You hit Natasha.
Natasha is moderately wounded.
Natasha claws you.
* * * LOW HITPOINT WARNING * * *
The cerulean imp barely misses you.
You closely miss Natasha.
Natasha is moderately wounded.
Natasha claws you.
* * * LOW HITPOINT WARNING * * *
The cerulean imp barely misses you. Natasha claws you but does no damage.
You closely miss Natasha.
Natasha is moderately wounded.
The cerulean imp hits you but does no damage.
Natasha claws you!
You die...
Natasha begins licking her fur clean.

#.######.....
#...........#
#...........#
###...<..##### #
#........##..##.
#.##.##.###.... .#
##.#...#.# ...##.#
#...._...###h#...#..
#..#...#...5@.......
#..##.##..################
#........................#
#......##.................
#.....#####...............
#...........#............#
#.....#####....###......##
#.....# #.##..##....#.##
#....<# #.###...........


You could see Natasha and a cerulean imp (summoned).

Vanquished Creatures
  A scorpion (D:3)
  Jessica (D:2)
  3 adders
  A ribbon worm (D:2)
  3 dart slugs
  A ball python (D:2)
  6 endoplasms
  3 goblins
  2 hobgoblins
  3 quokkas (D:1)
  4 bats
  A frilled lizard (D:1)
  4 kobolds
  6 rats
39 creatures vanquished.

Notes
Turn   | Place    | Note
-------+----------+-------------------------------------------
     0 | D:1      | IdlyInterested the Demonspawn Gladiator began the quest for
                  | the Orb.
     0 | D:1      | Reached XP level 1. HP: 16/16 MP: 1/1
   368 | D:1      | Gained mutation: You have a small tail. [demonic ancestry]
   368 | D:1      | Reached XP level 2. HP: 23/23 MP: 2/2
  1028 | D:2      | Reached skill level 3 in Fighting
  1028 | D:2      | Gained mutation: You regenerate a little health from kills.
                  | [demonic ancestry]
  1028 | D:2      | Reached XP level 3. HP: 27/29 MP: 3/3
  1032 | D:2      | Reached skill level 1 in Armour
  1435 | D:2      | Noticed Jessica
  1442 | D:2      | Killed Jessica
  1443 | D:2      | Reached XP level 4. HP: 37/37 MP: 4/4
  1619 | D:3      | Found a faded altar of an unknown god.
  1631 | D:3      | Noticed a scorpion
  1644 | D:3      | Killed a scorpion
  1645 | D:3      | Reached skill level 4 in Fighting
  1645 | D:3      | Reached skill level 1 in Shields
  1645 | D:3      | Gained mutation: You have a tail ending in a sharp stinger.
                  | [demonic ancestry]
  1645 | D:3      | Reached XP level 5. HP: 8/43 MP: 5/5
  1699 | D:3      | Noticed Natasha
  1711 | D:3      | Slain by Natasha

Illustrated notes

Levels and vault maps discovered:
D:1:      dpeg_arrival_houses_and_road, layout_loops_corners
D:2:      layout_basic, uniq_jessica
D:3:      layout_rooms, nicolae_elyvilon_temple_path,
          ebering_ecumenical_altar_box, minmay_misc_feat_rugged, nicolae_titane,
          uniq_natasha

Skill      XL: |  1  2  3  4 |
---------------+-------------+-----
Throwing       | 2 |  2.0
Long Blades    | 3 |  3.0
Fighting       | 3 4 |  4.5
Armour         | 1 |  1.0
Dodging        | 3 |  3.0
Shields        | 1 |  1.0

Action                     |  1- 3 |  4- 6 || total
---------------------------+-------+-------++-------
  Melee: Long sword        |    95 |    28 ||   123
         Tailslap          |    16 |     2 ||    18
  Throw: Stone             |     2 |       ||     2
    Use: Scroll            |     1 |     2 ||     3
         Potion            |       |     3 ||     3
 Armour: Leather armour    |    21 |       ||    21
         Ring mail         |     9 |       ||     9
         Plate armour      |    37 |    33 ||    70
  Dodge: Dodged            |    59 |     9 ||    68

Table legend: (Time is in decaauts)
 A = Elapsed time spent in this place.
 B = Non-inter-level travel time spent in this place.
 C = Inter-level travel time spent in this place.
 D = Time resting spent in this place.
 E = Time spent auto-exploring this place.
 F = Levels seen in this place.
 G = Mean time per level.
                   A        B        C        D        E       F      G
               +--------+--------+--------+--------+--------+-----+--------+
         Total |   1747 |   1656 |     91 |    118 |   1103 |   3 |  582.3 |
       Dungeon |   1747 |   1656 |     91 |    118 |   1103 |   3 |  582.3 |
               +--------+--------+--------+--------+--------+-----+--------+

Top non-repeatable levels by time:
     D:1: 988 daAuts
     D:2: 644 daAuts
     D:3: 115 daAuts
